 Dungeon Crawl Stone Soup version 0.26-a0-1086-g9010512d90 (webtiles) character file.

Game seed: 10068359291385679671

143 stormannn the Magician (level 5, 0/28 HPs)
             Began as a Deep Elf Air Elementalist on Dec 14, 2020.
             Killed by divine providence
             ... invoked by an orc priest
              (16 damage)
             ... on level 3 of the Dungeon.
             The game lasted 00:02:58 (3186 turns).

stormannn the Magician (Deep Elf Air Elementalist)  Turns: 3186, Time: 00:02:59

Health: 0/28       AC:  2    Str:  5    XL:     5   Next: 4%
Magic:  1/13       EV: 11    Int: 21    God:
Gold:   99         SH:  0    Dex: 15    Spells: 11/12 levels left

rFire    . . .     SeeInvis .   j - +0 dagger (freeze)
rCold    . . .     Faith    .   (no shield)
rNeg     . . .     Spirit   .   a - +0 robe
rPois    .         Reflect  .   (no helmet)
rElec    .         Harm     .   (no cloak)
rCorr    .         Rampage  .   (no gloves)
Will     .....                  (no boots)
Stlth    ++........             (no amulet)
HPRegen  0.09/turn              (no ring)
MPRegen  0.13/turn              (no ring)

@: lethally poisoned (0 -> -11), constricted
A: no striking features
a: no special abilities


You were on level 3 of the Dungeon.
You visited 1 branch of the dungeon, and saw 3 of its levels.

You collected 99 gold pieces.

Inventory:

Hand Weapons
 j - a +0 dagger of freezing (weapon)
Armour
 a - a +0 robe (worn)
Scrolls
 e - a scroll of teleportation {unknown}
 g - 2 scrolls of amnesia {unknown}
 h - a scroll of enchant armour {unknown}
 k - 3 scrolls of identify {unknown}
 m - a scroll of fog {unknown}
 n - a scroll of immolation {unknown}
Potions
 b - a potion of magic {unknown}
 c - a potion of mutation {unknown}
 d - a potion of degeneration {unknown}
 f - 2 potions of heal wounds {unknown}
 i - 2 potions of lignification {unknown}
 l - a potion of cancellation {unknown}


   Skills:
 + Level 3.7 Dodging
 - Level 2.4 Stealth
 + Level 4.4 Spellcasting
 + Level 2.7 Conjurations
 + Level 3.8 Air Magic


You had 11 spell levels left.
You knew the following spells:

 Your Spells              Type           Power        Failure   Level
a - Shock                 Conj/Air       ###.         3%          1

Your spell library contained the following spells:

 Spells                   Type           Power        Failure   Level
 Swiftness                Air            ###.....     3%          2
 Static Discharge         Conj/Air       ###.....     9%          3
 Airstrike                Air            ###.......   24%         4
 Lightning Bolt           Conj/Air       ###.......   63%         5


Dungeon Overview and Level Annotations

Branches:
Dungeon (3/15)

Altars:


Message History

Aim: an adder (severely wounded, 47% to evade)
The zap misses the adder.
The zap hits the ball python.
The ball python is moderately wounded.
An orc comes into view.
It is wielding a +2 mace of holy wrath and quivering 6 poisoned darts.
An orc comes into view. It is wielding a +0 mace.
The adder bites you.
You are poisoned.
The adder poisons you!
You feel sick. The adder bites you but does no damage.
An orc priest comes into view.
The orc priest shouts!
The orc shouts!
The ball python closely misses you. The ball python misses you.
The orc throws a poisoned dart.
The poisoned dart hits you!
You are more poisoned.
The ball python closely misses you. The ball python grabs you.
The ball python constricts you.
The orc priest invokes the aid of Beogh against you.
Beogh smites you!
Ouch! That really hurt!
You die...

##########
#........#
#........#
#...SS!.(#
#.?.@?..)###
#...........
#......o....
#......o.#..
#...<....#..
#.........o.
#######..$..
<##.? ## ..


You could see an orc priest, an adder, 2 orcs and a ball python.

Vanquished Creatures
  Natasha (D:3)
  Robin (D:2)
  2 adders (D:2)
  An ooze (D:3)
  4 worms (D:2)
  4 dart slugs
  A leopard gecko (D:2)
  5 bats
  3 giant cockroaches
  15 goblins
  9 hobgoblins
  5 jackals
  2 quokkas (D:2)
  3 kobolds
  4 rats
60 creatures vanquished.

Notes
Turn   | Place    | Note
-------+----------+-------------------------------------------
     0 | D:1      | stormannn the Deep Elf Air Elementalist began the quest for
                  | the Orb.
     0 | D:1      | Reached XP level 1. HP: 10/10 MP: 6/6
   300 | D:1      | Reached XP level 2. HP: 15/15 MP: 2/8
  1008 | D:2      | Reached XP level 3. HP: 19/19 MP: 1/10
  2460 | D:2      | Noticed Robin
  2467 | D:2      | Reached skill level 4 in Spellcasting
  2467 | D:2      | Reached XP level 4. HP: 21/24 MP: 8/12
  2473 | D:2      | Killed Robin
  3157 | D:3      | Noticed Natasha
  3167 | D:3      | Killed Natasha
  3168 | D:3      | Reached XP level 5. HP: 19/28 MP: 2/13
  3186 | D:3      | Killed from afar by an orc priest

Illustrated notes

Levels and vault maps discovered:
D:1:      wander_arrival_peaceful_grave, layout_loops_cross
D:2:      layout_loops_ring, corexii_item_surrounded_by_moat,
          minmay_randomly_rotated_circles, uniq_robin
D:3:      layout_rooms, overflow_temple_1_default, uniq_natasha, uniq_sigmund

Skill      XL: |  1  2  3 |
---------------+----------+-----
Dodging        | 3 |  3.7
Conjurations   | 2 |  2.7
Spellcasting   | 4 |  4.4
Stealth        | |  2.4
Air Magic      | |  3.8

Action                   |  1- 3 |  4- 6 || total
-------------------------+-------+-------++-------
Melee: Dagger            |     4 |     2 ||     6
 Cast: Shock             |   106 |    47 ||   153
Armor: Robe              |     3 |     3 ||     6
Dodge: Dodged            |    12 |    11 ||    23

Table legend: (Time is in decaauts)
 A = Elapsed time spent in this place.
 B = Non-inter-level travel time spent in this place.
 C = Inter-level travel time spent in this place.
 D = Time resting spent in this place.
 E = Time spent auto-exploring this place.
 F = Levels seen in this place.
 G = Mean time per level.
                   A        B        C        D        E       F      G
               +--------+--------+--------+--------+--------+-----+--------+
         Total |   3194 |   3163 |     31 |   1666 |   1185 |   3 | 1064.7 |
       Dungeon |   3194 |   3163 |     31 |   1666 |   1185 |   3 | 1064.7 |
               +--------+--------+--------+--------+--------+-----+--------+

Top non-repeatable levels by time:
     D:2: 1865 daAuts
     D:1: 1256 daAuts
     D:3: 72 daAuts
